 Dungeon Crawl Stone Soup version 0.29-a0-106-g0a07039d5a (webtiles) character file.

Game seed: 860048681511998042

58 YayAnonymity the Magician (level 3, -2/19 HPs)
             Began as a Deep Elf Air Elementalist on Feb 16, 2022.
             Slain by Natasha (3 damage)
             ... on level 2 of the Dungeon.
             The game lasted 00:02:43 (1349 turns).

YayAnonymity the Magician (DEAE)                    Turns: 1349, Time: 00:02:43

Health: -2/19      AC:  2    Str:  5    XL:     3   Next: 75%
Magic:  1/10       EV: 12    Int: 21    God:
Gold:   102        SH:  0    Dex: 15    Spells: 6/9 levels left

rFire   . . .      SeeInvis .   c - +0 hand axe
rCold   . . .      Faith    .   (no shield)
rNeg    . . .      Spirit   .   a - +0 robe
rPois   .          Reflect  .   (no helmet)
rElec   .          Harm     .   (no cloak)
rCorr   .          Rampage  .   (no gloves)
Will    .....                   (no boots)
Stlth   ++........              (no amulet)
HPRegen 0.06/turn               (no ring)
MPRegen 0.12/turn               (no ring)

@: no status effects
A: no striking features
a: no special abilities


You were on level 2 of the Dungeon.
You visited 1 branch of the dungeon, and saw 2 of its levels.

You collected 102 gold pieces.

Inventory:

Hand Weapons
 c - a +0 hand axe (weapon)
Missiles
 i - 2 poisoned darts (quivered)
Armour
 a - a +0 robe (worn)
Scrolls
 b - a scroll of fog {unknown}
 d - 4 scrolls of identify {unknown}
 e - a scroll of brand weapon {unknown}
 h - a scroll of noise {unknown}
Potions
 f - a potion of curing
 g - a potion of mutation {unknown}
 j - a potion of haste {unknown}


   Skills:
 - Level 2.4 Dodging
 - Level 3.0 Stealth
 + Level 3.9 Spellcasting
 + Level 2.4 Conjurations
 + Level 3.5 Air Magic


You had 6 spell levels left.
You knew the following spells:

 Your Spells              Type           Power      Damage    Failure   Level
a - Shock                 Conj/Air       64%        1d7       3%          1
b - Static Discharge      Conj/Air       16%        N/A       5%          2

Your spell library contained the following spells:

 Spells                   Type           Power      Damage    Failure   Level
 Swiftness                Air            19%        N/A       9%          3
 Airstrike                Air            9%         N/A       28%         4


Dungeon Overview and Level Annotations

Branches:
Dungeon (2/15)

Altars:
Wu Jian

Annotations:
D:2 Natasha


Message History

Natasha casts a spell at you. The magic dart hits you!
Casting: Shock (safe; 3% risk of failure)
Confirm with . or Enter, or press ? or * to list all spells.
Aiming: Shock (safe; 3% risk of failure)
Press: ? - help, Shift-Dir - straight line, f/p - Natasha
Aim: Natasha (moderately wounded, 64% to hit)
The zap hits Natasha.
Natasha is heavily wounded.
Casting: Shock (safe; 3% risk of failure)
Confirm with . or Enter, or press ? or * to list all spells.
Aiming: Shock (safe; 3% risk of failure)
Press: ? - help, Shift-Dir - straight line, f/p - Natasha
Aim: Natasha (heavily wounded, 64% to hit)
The zap hits Natasha.
Natasha is severely wounded.
Natasha mumbles some strange words.
The crimson imp blinks!
Your magical contamination has completely faded away.
Found a mace.
The crimson imp blinks!
Natasha mumbles some strange words.
Natasha glows brightly for a moment.
You see here 10 gold pieces.
You now have 102 gold pieces (gained 10).
Natasha casts a spell at you. The magic dart hits you.
* * * LOW HITPOINT WARNING * * *
Cleave: c) +0 hand axe
Press: ? - help, Dir - move target, p - Natasha
Okay, then.
Casting: Shock (safe; 3% risk of failure)
Confirm with . or Enter, or press ? or * to list all spells.
You don't know that spell.
Unknown command.
Casting: Shock (safe; 3% risk of failure)
Confirm with . or Enter, or press ? or * to list all spells.
You don't know that spell.
Unknown command.
Natasha claws you.
You die... #........ #........ ♣♣ #........ ♣.♣ #........ .......
PP♣

#........ .......# ...#
#....<..# ...?..#
####..####......##
.....####....)##.>.#######
#..†##.h@...# ###.......#
#...##.###### #.......#
#...#5.# ##.......
#.....## #......#
##...#### #.......
#...5...#### ##.......
#..........######........
#...h.§..................
#........(...............


You could see Natasha and a crimson imp (summoned).

Vanquished Creatures
  Natasha (D:2)
  An adder (D:2)
  4 endoplasms
  A giant cockroach (D:2)
  2 goblins (D:2)
  A quokka (D:2)
  4 ball pythons (D:2)
  2 bats (D:1)
  4 frilled lizards
  A kobold (D:2)
  4 rats
25 creatures vanquished.

Notes
Turn   | Place    | Note
-------+----------+-------------------------------------------
     0 | D:1      | YayAnonymity the Deep Elf Air Elementalist began the quest
                  | for the Orb.
     0 | D:1      | Reached XP level 1. HP: 10/10 MP: 6/6
   129 | D:1      | Found a faded altar of an unknown god.
   553 | D:2      | Reached XP level 2. HP: 15/15 MP: 6/8
  1178 | D:2      | Reached XP level 3. HP: 19/19 MP: 7/10
  1184 | D:2      | Learned a level 2 spell: Static Discharge
  1285 | D:2      | Found an ornate altar of the Wu Jian Council.
  1318 | D:2      | Noticed Natasha
  1324 | D:2      | Killed Natasha
  1334 | D:2      | Noticed Natasha
  1349 | D:2      | Slain by Natasha

Illustrated notes

Levels and vault maps discovered:
D:1:      eino_arrival_tree_alley, layout_basic,
          ebering_ecumenical_altar_sacrificial, minmay_fountain_box
D:2:      layout_rooms, basic_altar, minmay_pentomino_o2,
          uniq_crazy_yiuf_cottage, uniq_natasha

Skill      XL: |  1  2 |
---------------+-------+-----
Stealth        | 3 |  3.0
Conjurations   | 2 |  2.4
Dodging        | |  2.4
Spellcasting   | |  3.9
Air Magic      | |  3.5

Action                   || total
-------------------------++-------
Melee: Hand axe          ||     3
Throw: Dart              ||     2
 Cast: Shock             ||    57
       Static Discharge  ||     1
  Use: Potion            ||     1
Armor: Robe              ||     3
Dodge: Dodged            ||     7

Table legend: (Time is in decaauts)
 A = Elapsed time spent in this place.
 B = Non-inter-level travel time spent in this place.
 C = Inter-level travel time spent in this place.
 D = Time resting spent in this place.
 E = Time spent auto-exploring this place.
 F = Levels seen in this place.
 G = Mean time per level.
                   A        B        C        D        E       F      G
               +--------+--------+--------+--------+--------+-----+--------+
         Total |   1351 |   1223 |    128 |      0 |   1076 |   2 |  675.5 |
       Dungeon |   1351 |   1223 |    128 |      0 |   1076 |   2 |  675.5 |
               +--------+--------+--------+--------+--------+-----+--------+

Top non-repeatable levels by time:
     D:2: 760 daAuts
     D:1: 590 daAuts
